 Dungeon Sprint DCSS version 0.18-a0-1105-ge9caa06 (webtiles) character file.

22120 Arkorax the Brawler (level 12, -7/152 HPs)
             Began as a Troll Monk on Jan 16, 2016.
             Was the Champion of Makhleb.
             Killed from afar by a bog body (30 damage)
             ... with a bolt of cold
             ... in the Dungeon (Sprint IX: "|||||||||||||||||||||||||||||").
             The game lasted 00:08:12 (2070 turns).

Arkorax the Brawler (Troll Monk)                    Turns: 2070, Time: 00:08:12

Health: -7/152     AC: 14    Str: 25    XL:     12   Next: 60%
Magic:  19/19      EV:  5    Int:  6    God:    Makhleb [******]
Gold:   1033       SH: 16    Dex: 16    Spells: 0 memorised, 11 levels left

rFire  + + .     SeeInvis .       - Unarmed
rCold  x . .     Gourm    +     E - +1 fire dragon armour
rNeg   . . .     Faith    .     F - +1 large shield
rPois  +         Spirit   .     (helmet restricted)
rElec  .         Dismiss  .     w - +0 cloak
rCorr  .         Reflect  .     (gloves unavailable)
SustAt .         Harm     .     (boots unavailable)
MR     .....     NoTele   +     A - amulet of rage
Stlth  ..........               n - +3 ring of strength
                                y - ring of poison resistance

@: not resistant to hostile enchantments, extremely unstealthy
A: unfitting armour, claws 3, rugged brown scales 1, blurry vision 1, fast
metabolism 3, gourmand, regeneration 2, shaggy fur 1, tough skin 2
a: Minor Destruction, Lesser Servant of Makhleb, Major Destruction, Greater
Servant of Makhleb, Renounce Religion, Evoke Berserk Rage


You were in the Dungeon.
You worshipped Makhleb.
Makhleb was exalted by your worship.
You were completely stuffed.

You visited 1 branch You collected 1801 gold pieces.
You spent 768 gold pieces at shops.

Inventory:

Hand Weapons
 p - the +12 Glaive of Prune {chop}
   (You found it in the Dungeon)

   It inflicts extra damage upon your enemies.
Missiles
 j - 6 javelins (quivered)
 I - 5 large rocks
Armour
 a - a +0 robe
 w - a +0 cloak (worn)
 D - a +1 fire dragon armour
 E - a +1 fire dragon armour (worn)
 F - a +1 large shield (worn)
Jewellery
 n - a +3 ring of strength (right claw)
 o - a +3 ring of intelligence
 q - a +4 amulet of reflection
 y - a ring of poison resistance (left claw)
 A - an amulet of rage (around neck)
 B - an uncursed ring of ice
 C - an uncursed ring of protection from cold
Wands
 m - a wand of draining (5/15)
 u - a wand of hasting (4/9)
Scrolls
 h - 7 scrolls of blinking
 k - 4 scrolls of remove curse
 l - 2 scrolls of amnesia
 r - a scroll of fear
 z - a scroll of recharging
 H - 3 scrolls of fog
Potions
 c - 6 potions of curing
 e - 2 potions of haste
 f - 4 potions of magic
 g - 2 potions of cure mutation
 i - a potion of brilliance
 v - a potion of mutation
 x - a potion of lignification
 G - 2 potions of resistance
Comestibles
 b - 13 bread rations
 s - 40 fruits
 t - 12 meat rations


   Skills:
 * Level 17.4 Fighting
 - Level 2.4 Dodging
 - Level 1.1 Stealth
 + Level 4.5 Shields
 * Level 20.2 Unarmed Combat
 + Level 11.3 Invocations


You had 11 spell levels left.
You didn't know any spells.

Dungeon Overview and Level Annotations

Branches:
Dungeon (1/1)

Altars:
Cheibriados
Dithmenos
Elyvilon
Fedhas
Gozag
Kikubaaqudgha
Makhleb
Nemelex Xobeh
Okawaru
Pakellas
Qazlal
Ru
Sif Muna
Trog
Vehumet
Xom
Yredelemnul
Zin
The Shining One
Beogh
Jiyva
Lugonu

Shops:
D :!**


Innate Abilities, Weirdness & Mutations

You are too large for most types of armour.
You have claws for hands.
Your metabolism is lightning-fast.
You like to eat raw meat.
You heal very quickly.
You are covered in fur (AC +1).
You have very tough skin (AC +2).
You are partially covered in rugged brown scales (AC +1, +3% HP).
Scrolls take you a little longer to read.


Message History

Press: ? - help, Shift-Dir - straight line, f - 11-headed hydra
Aim: an 11-headed hydra (severely wounded)
The orb of electricity explodes!
The orb of electricity engulfs the 11-headed hydra.
You kill the 11-headed hydra!
Makhleb accepts your kill.
You feel better.
The orb of electricity engulfs the bog body.
The bog body is almost destroyed.
The orb of electricity engulfs you!
* * * LOW HITPOINT WARNING * * *
The orb of electricity engulfs the spiny frog.
The spiny frog is moderately wounded.
You feel somewhat less full.
Unknown command.
A demon appears!
You feel somewhat less full.
The spiny frog barely misses your Executioner.
The bog body gestures at you while chanting.
The bolt of cold hits you!
You feel a terrible chill!
You die...

♣♣♣♣♣♣♣♣▓▓▓▓▓▓▓▓▓▓▓▓▓▓▓▓▓▓▓▓▓▓▓
Fy.....'FynF1n@.)†.............
♣♣♣♣♣♣♣♣♣♣▓▓▓▓▓▓▓▓▓▓▓▓▓▓▓▓▓▓▓▓▓▓▓
.................................
▓▓▓▓▓▓▓▓▓▓▓▓▓▓▓▓▓▓▓▓▓▓▓▓▓▓▓▓▓▓▓▓▓
...[[..[[.[.))))))))....='.......
▓▓▓▓▓▓▓▓▓▓▓▓▓▓▓▓▓▓▓▓▓▓▓▓▓▓▓▓▓▓▓▓▓
...).((..(.......................
▓▓▓▓▓▓▓▓▓▓▓▓▓▓▓▓▓▓▓▓▓▓▓▓▓▓▓▓▓▓▓▓▓
.....))))...).).))()))...........


You could see 2 bog bodies, 2 spiny frogs, a wasp and a friendly Executioner.

Vanquished Creatures
  A stone giant (D)
  A very ugly thing (D)
  A hydra (D)
  A naga warrior (D)
  4 ogre magi (D)
  A giant orange brain (D)
  A shambling mangrove (D)
  A hill giant (D)
  An orc knight (D)
  An ugly thing (D)
  A salamander (D)
  8 black mambas (D)
  Maurice (D)
  Psyche (D)
  4 spiny frogs (D)
  2 komodo dragons (D)
  7 two-headed ogres (D)
  A giant leech (D)
  A blink frog (D)
  A slime creature (D)
  2 basilisks (D)
  Eustachio (D)
  A hungry ghost (D)
  2 hippogriffs (D)
  Grum (D)
  A vampire mosquito (D)
  2 wolves (D)
  A soldier ant (D)
  A water moccasin (D)
  3 porcupines (D)
  4 orc warriors (D)
  A sky beast (D)
  A phantom (D)
  A necrophage (D)
  An ice beast (D)
  3 ogres (D)
  2 crocodiles (D)
  5 giant frogs (D)
  A killer bee (D)
  3 orc priests (D)
  4 orc wizards (D)
  A river rat (D)
  2 oozes (D)
  9 orcs (D)
  A goblin (D)
  2 hobgoblins (D)
  A jackal (D)
  A ball python (D)
  A ball python zombie (D)
  A bat (D)
100 creatures vanquished.

Vanquished Creatures (collateral kills)
  2 hydras (D)
  A deep troll shaman (D)
  An ogre mage (D)
  An orc high priest (D)
  A vampire mage (D)
  Sonja (D)
  An orc sorcerer (D)
  An elephant (D)
  2 kobold demonologists (D)
  A giant leech (D)
  A hippogriff (D)
  2 orc warriors (D)
  A quasit (D)
  An adder skeleton (D)
  An orc (D)
  A jackal skeleton (D)
19 creatures vanquished.

Grand Total: 119 creatures vanquished

Notes
Turn   | Place    | Note
--------------------------------------------------------------
     0 | D        | Arkorax the Troll Monk began the quest for the Orb.
     0 | D        | Reached XP level 1. HP: 22/22 MP: 0/0
    30 | D        | Reached skill level 5 in Unarmed Combat
    30 | D        | Reached XP level 2. HP: 24/31 MP: 1/1
    45 | D        | Found a glowing silver altar of Zin.
    45 | D        | Found a glowing golden altar of the Shining One.
    45 | D        | Found an ancient bone altar of Kikubaaqudgha.
    45 | D        | Found a basalt altar of Yredelemnul.
    45 | D        | Found a shimmering altar of Xom.
    45 | D        | Found a radiant altar of Vehumet.
    46 | D        | Found an iron altar of Okawaru.
    47 | D        | Found a burning altar of Makhleb.
    48 | D        | Found a deep blue altar of Sif Muna.
    49 | D        | Found a bloodstained altar of Trog.
    50 | D        | Found a sparkling altar of Nemelex Xobeh.
    51 | D        | Found a white marble altar of Elyvilon.
    52 | D        | Found a roughly hewn altar of Beogh.
    53 | D        | Found a viscous altar of Jiyva.
    54 | D        | Found a corrupted altar of Lugonu.
    55 | D        | Became a worshipper of Makhleb the Destroyer
    55 | D        | Reached * piety under Makhleb
    55 | D        | Reached ** piety under Makhleb
    56 | D        | Found a blossoming altar of Fedhas.
    57 | D        | Found a snail-covered altar of Cheibriados.
    58 | D        | Found a shadowy altar of Dithmenos.
    59 | D        | Found a stormy altar of Qazlal.
    60 | D        | Found an opulent altar of Gozag.
    61 | D        | Found a sacrificial altar of Ru.
    62 | D        | Found an oddly glowing altar of Pakellas.
    99 | D        | Noticed a hungry ghost
    99 | D        | Noticed a two-headed ogre
    99 | D        | Noticed a killer bee
    99 | D        | Noticed a giant frog
    99 | D        | Noticed a phantom
    99 | D        | Noticed a hill giant
   105 | D        | Killed a hill giant
   105 | D        | Reached skill level 9 in Fighting
   105 | D        | Reached skill level 11 in Unarmed Combat
   105 | D        | Reached XP level 3. HP: 44/50 MP: 2/2
   105 | D        | Reached XP level 4. HP: 51/59 MP: 3/3
   105 | D        | Reached XP level 5. HP: 57/67 MP: 4/4
   105 | D        | Reached XP level 6. HP: 63/75 MP: 5/5
   110 | D        | Reached XP level 7. HP: 83/83 MP: 6/6
   115 | D        | Reached *** piety under Makhleb
   121 | D        | Killed a two-headed ogre
   121 | D        | Reached skill level 10 in Fighting
   121 | D        | Reached skill level 12 in Unarmed Combat
   132 | D        | Killed a hungry ghost
   218 | D        | Reached **** piety under Makhleb
   218 | D        | Reached XP level 8. HP: 96/96 MP: 7/7
   224 | D        | Reached skill level 13 in Unarmed Combat
   240 | D        | Reached ***** piety under Makhleb
   261 | D        | Gained mutation: You are partially covered in rugged brown scales (AC +1, +3% HP). [mutagenic meat]
   262 | D        | Gained mutation: Scrolls take you a little longer to read. [mutagenic meat]
   469 | D        | Noticed a komodo dragon
   474 | D        | Reached skill level 1 in Invocations
   478 | D        | Noticed a komodo dragon
   482 | D        | Killed a komodo dragon
   482 | D        | Reached skill level 14 in Unarmed Combat
   482 | D        | Reached XP level 9. HP: 65/109 MP: 7/10
   487 | D        | Reached ****** piety under Makhleb
   492 | D        | Killed a komodo dragon
   670 | D        | Noticed a six-headed hydra
   670 | D        | Noticed an elephant
   670 | D        | Noticed a spiny frog
   673 | D        | Killed a spiny frog
   673 | D        | Reached skill level 15 in Unarmed Combat
   686 | D        | Killed an elephant
   692 | D        | Noticed a black mamba
   695 | D        | Killed a six-headed hydra
   695 | D        | Reached skill level 5 in Invocations
   714 | D        | Reached XP level 10. HP: 87/122 MP: 13/13
   722 | D        | Killed a black mamba
   799 | D        | Noticed a spiny frog
   799 | D        | Noticed a spiny frog
   799 | D        | Noticed a spiny frog
   822 | D        | Killed a spiny frog
   822 | D        | Reached skill level 16 in Unarmed Combat
   866 | D        | Killed a spiny frog
   876 | D        | Killed a spiny frog
  1035 | D        | Noticed Maurice
  1073 | D        | Killed Maurice
  1079 | D        | Noticed Psyche
  1086 | D        | Killed Psyche
  1257 | D        | Noticed an orc knight
  1258 | D        | Noticed an orc high priest
  1263 | D        | Killed an orc knight
  1263 | D        | Reached skill level 17 in Unarmed Combat
  1272 | D        | Noticed a sun demon
  1277 | D        | Noticed an orc sorcerer
  1284 | D        | Noticed a rust devil
  1302 | D        | Noticed a rust devil
  1314 | D        | Killed an orc high priest
  1314 | D        | Reached XP level 11. HP: 70/134 MP: 15/15
  1320 | D        | Killed an orc sorcerer
  1447 | D        | Found Diwny's Assorted Antiques.
  1447 | D        | Noticed an ogre mage
  1450 | D        | Noticed an ogre mage
  1451 | D        | Killed an ogre mage
  1451 | D        | Reached skill level 15 in Fighting
  1452 | D        | Found Zojum's Assorted Antiques.
  1465 | D        | Killed an ogre mage
  1465 | D        | Reached skill level 18 in Unarmed Combat
  1476 | D        | Found Yluif's Distillery.
  1489 | D        | Found Jyshromec's Book Shop.
  1492 | D        | Noticed an ogre mage
  1494 | D        | Noticed an ogre mage
  1501 | D        | Killed an ogre mage
  1507 | D        | Killed an ogre mage
  1536 | D        | Bought a potion of lignification for 33 gold pieces
  1538 | D        | Bought an opal ring for 135 gold pieces
  1538 | D        | Bought a scroll labeled LICUCV RU UMEP for 27 gold pieces
  1538 | D        | Bought a dented cameo amulet for 135 gold pieces
  1538 | D        | Bought a scroll of blinking for 202 gold pieces
  1538 | D        | Bought a scroll of blinking for 202 gold pieces
  1541 | D        | Bought a scroll labeled LICUCV RU UMEP for 17 gold pieces
  1541 | D        | Bought a scroll labeled ZADEXA DUDEQU for 17 gold pieces
  1592 | D        | Noticed Eustachio
  1598 | D        | Noticed Grum
  1600 | D        | Killed Eustachio
  1608 | D        | Killed Grum
  1638 | D        | Noticed Sonja
  1684 | D        | Killed Sonja
  1782 | D        | Noticed an ogre mage
  1787 | D        | Killed an ogre mage
  1791 | D        | Noticed a seven-headed hydra
  1797 | D        | Killed a seven-headed hydra
  1800 | D        | Reached skill level 10 in Invocations
  1802 | D        | Reached skill level 19 in Unarmed Combat
  1803 | D        | Noticed a phantasmal warrior
  1805 | D        | Killed a vampire mage
  1808 | D        | Noticed a deep troll shaman
  1815 | D        | Killed a deep troll shaman
  1848 | D        | Noticed a purple ugly thing
  1849 | D        | Noticed a giant orange brain
  1850 | D        | Noticed a white very ugly thing
  1854 | D        | Noticed a stone giant
  1858 | D        | Killed a white very ugly thing
  1858 | D        | Reached skill level 1 in Shields
  1858 | D        | Reached XP level 12. HP: 148/150 MP: 18/18
  1882 | D        | Killed a stone giant
  2000 | D        | Noticed a naga warrior
  2017 | D        | Killed a naga warrior
  2022 | D        | Reached skill level 20 in Unarmed Combat
  2045 | D        | Noticed a six-headed hydra
  2069 | D        | Killed an 11-headed hydra
  2070 | D        | Killed from afar by a bog body

Vault maps used:
D:        linesprint

Action                   |  1- 3 |  4- 6 |  7- 9 | 10-12 || total
-------------------------+-------+-------+-------+-------++-------
Melee: Unarmed           |    26 |     4 |    90 |   234 ||   354
Invok: Greater Servant o |       |       |     1 |     3 ||     4
       Lesser Servant of |       |       |       |     5 ||     5
       Major Destruction |       |       |       |     1 ||     1
  Use: Potion            |     1 |       |     3 |     5 ||     9
       Scroll            |       |       |       |     6 ||     6
 Stab: Invisible         |       |       |     2 |       ||     2
       Sleeping          |       |       |     1 |       ||     1
  Eat: Chunk             |       |       |    14 |    13 ||    27
       Bread ration      |       |       |     1 |       ||     1
